Map: Ascension to Aiur LE

Players

tekno

  • Race: Zerg Zerg
  • League: Diamond
  • Spawn Location: 5:00

Dessa - Winner!

  • Race: Zerg Zerg
  • League: Diamond
  • Spawn Location: 11:00

VOD

Have the link to the VOD?

Description

Time

  • Played on: Dec. 11, 2017, 6:11 a.m.
  • Length: 10:17
Show
View Real Time Build Order
Export as new Build Order

tekno Zerg 

Build Orders: Pool First 

Get SALT Encoding   

  12  0:18  Spawning Pool  
  11  0:22  Drone  
  11  0:27  Drone  
  13  0:31  Extractor  
  13  0:33  Drone  
  13  0:43  Overlord  
  13  1:05  Zergling x6  
  16  1:11  Queen  
  16  1:17  Zergling x2  
  19  1:27  Zergling x2  
  20  1:35  Metabolic Boost  
  20  1:38  Zergling x2  
  21  1:51  Overlord  
  21  2:01  Zergling x2  
  22  2:20  Zergling x8  
  25  2:26  Zergling x2  
  23  2:40  Zergling x2  
  23  2:44  Zergling x2  
  24  2:55  Zergling x2  
  24  2:56  Hatchery  
  24  2:59  Queen  
  25  3:07  Zergling x2  
  21  3:28  Zergling x2  
  21  3:29  Zergling x2  
  21  3:31  Zergling x6  
  26  3:41  Zergling x2  
  27  3:58  Zergling x4  
  29  4:05  Zergling x2  
  29  4:06  Overlord  
  26  4:18  Drone x3  
  29  4:26  Drone  
  30  4:33  Drone x2, Roach Warren  
  31  4:42  Drone  
  31  4:43  Drone  
  33  4:51  Drone x2  
  35  5:02  Drone x2  
  35  5:03  Drone  
  35  5:05  Drone  
  39  5:12  Drone x2  
  41  5:20  Roach  
  43  5:23  Overlord  
  43  5:43  Roach x3  
  48  6:00  Roach x3  
  48  6:03  Roach  
  40  6:13  Roach x2  
  40  6:15  Roach  
  45  6:19  Drone x5  
  50  6:28  Extractor, Queen  
  50  6:32  Overlord  
  51  6:34  Drone  
  52  6:40  Overlord  
  52  6:49  Queen  
  52  6:53  Drone x3  
  57  7:02  Drone  
  57  7:04  Hatchery  
  57  7:12  Lair  
  57  7:18  Evolution Chamber  
  57  7:22  Drone x4  
  60  7:25  Extractor  
  59  7:32  Extractor, Roach x2  
  59  7:35  Roach  
  64  7:40  Roach  
  64  7:41  Roach  
  68  7:47  Zerg Missile Weapons Level 1  
  68  7:51  Overlord  
  68  8:18  Roach  
  68  8:19  Roach x2  
  74  8:20  Roach x3  
  74  8:24  Roach  
  82  8:28  Glial Reconstitution  
  82  8:42  Overlord x2  
  82  8:50  Overlord x2  
  82  8:59  Queen  
  84  9:03  Drone  
  84  9:04  Drone x5  
  84  9:05  Overlord  
  62  9:17  Drone  
  62  9:23  Roach  
  62  9:24  Roach x3  
  65  9:30  Roach  
  65  9:31  Roach  
  67  9:35  Roach  
  69  9:46  Roach x4  
  73  9:56  Roach x3  
  73  9:58  Roach  
Show
View Real Time Build Order
Export as new Build Order

Dessa Zerg - Winner!

Build Orders: Hatch First 

Get SALT Encoding   

  12  0:01  Drone  
  13  0:09  Drone  
  14  0:35  Hatchery  
  13  0:39  Drone  
  14  0:57  Spawning Pool  
  14  1:00  Drone  
  14  1:04  Extractor  
  14  1:06  Drone  
  14  1:15  Overlord  
  14  1:33  Drone x2  
  14  1:35  Drone  
  17  1:44  Queen  
  17  1:45  Zergling x2  
  20  1:50  Zergling x2  
  21  2:01  Queen  
  21  2:05  Zergling x2  
  24  2:11  Zergling x2  
  24  2:13  Zergling x2  
  26  2:19  Zergling x2  
  26  2:33  Zergling x4  
  26  2:34  Zergling x2  
  26  2:35  Zergling x2  
  27  2:42  Zergling x2  
  28  2:49  Baneling Nest  
  27  2:55  Metabolic Boost  
  26  3:12  Drone, Overlord  
  27  3:14  Overlord  
  24  3:27  Zergling x6  
  24  3:31  Zergling x4  
  29  3:36  Baneling x3  
  29  3:51  Drone  
  29  3:52  Drone x3  
  33  3:58  Baneling x2  
  33  4:09  Zergling x4  
  34  4:20  Zergling x10  
  34  4:24  Overlord  
  39  4:39  Baneling x2  
  39  4:43  Drone x3  
  39  4:44  Drone x3  
  45  4:58  Drone x2, Roach Warren  
  46  5:02  Drone  
  46  5:04  Drone  
  48  5:23  Drone  
  48  5:24  Drone x3  
  48  5:25  Overlord  
  48  5:27  Overlord  
  52  5:33  Baneling  
  52  5:34  Baneling x2  
  47  6:08  Lair  
  45  6:15  Roach x6  
  53  6:20  Evolution Chamber x2  
  51  6:34  Drone, Extractor  
  51  6:38  Hatchery  
  50  6:46  Zerg Missile Weapons Level 1  
  50  6:49  Drone x5, Extractor  
  50  6:50  Drone, Extractor, Overlord  
  54  6:58  Roach x2  
  58  7:06  Pneumatized Carapace  
  58  7:20  Drone x5  
  58  7:21  Drone  
  64  7:26  Drone x3  
  67  7:39  Overlord  
  67  7:40  Overlord  
  67  7:44  Zerg Ground Armor Level 1  
  67  7:47  Overlord  
  67  7:49  Glial Reconstitution  
  67  7:56  Queen  
  69  8:04  Drone x4  
  69  8:05  Roach x4  
  81  8:06  Roach x3  
  81  8:12  Ravager x2  
  89  8:25  Ravager  
  90  8:28  Overlord  
  90  8:30  Overlord  
  90  8:47  Drone  
  90  8:48  Drone x3, Overlord  
  94  8:49  Overlord  
  94  8:52  Roach x3  
  94  8:53  Roach  
  102  8:56  Roach x2  
  104  9:15  Roach x5  
  104  9:16  Roach x5  
  117  9:26  Ravager x2  
  117  9:31  Drone x3  
  122  9:33  Overlord x2  
  122  9:45  Drone, Extractor x2  
  122  9:47  Overlord  
  119  9:55  Extractor, Roach x3  
  119  9:56  Hatchery  
  119  9:59  Extractor  
Tags
 
Add a new tag
Caveats
  • Supply blocks, unpowered buildings, or Contaminate may cause inaccurate times.
  • Supply counts are checked every 10 seconds.